St.Louis Blues vs Philadelphia Flyers
(R1)
Created - Monday, May 26, 2025 at 08:31
Goals
|
| St.Louis Blues |
1 |
0 |
1 |
2 |
| Philadelphia Flyers |
1 |
1 |
2 |
4 |
|
Shots
|
| St.Louis Blues |
10 |
8 |
15 |
33 |
| Philadelphia Flyers |
7 |
10 |
18 |
35 |
|
1st period
1. Philadelphia Flyers , William Borgen 4 (Casey Cizikas 32, Vladislav Gavrikov 19) at 0:53 (PP)
2. St.Louis Blues , Jake Guentzel 29 (Jack Eichel 40) at 11:49
Penalties :
Jaccob Slavin (STL) for Hooking (Minor) at 0:36, Joel Edmundson (PHI) for Interference (Minor) at 4:53, Trevor van Riemsdyk (PHI) for Delaying the game (Minor) at 12:19
2nd period
3. Philadelphia Flyers , Marcus Johansson 14 (Joel Edmundson 10) at 5:50
Penalties :
Joshua Brown (PHI) for Tripping (Minor) at 14:14, Sean Kuraly (PHI) for Hooking (Minor) at 18:31
3rd period
4. St.Louis Blues , Brandon Hagel 18 (Mark Stone 29, Elias Lindholm 24) at 0:37
5. Philadelphia Flyers , Fredrik Olofsson 10 (Brett Murray 12, Joel Edmundson 11) at 18:45
6. Philadelphia Flyers , Casey Cizikas 20 (Radek Faksa 24) at 19:59 (Empty Net)
Penalties :
Luke Glendening (PHI) for Delaying the game (Minor) at 4:59, Brandon Duhaime (PHI) for Cross-checking (Minor) at 16:24
Goalie Stats
Scott Wedgewood (STL), 31 saves from 34 shots - (0.912), L, 11-5-0, 59:35 minutes
Connor Ingram (PHI), 31 saves from 33 shots - (0.939), W, 24-30-5, 60:00 minutes
Players Stats for St.Louis Blues
Player Name G A P +/- PIM S H SB GA TA FO MP PP MP PK MP
------------------------------------------------------------------------------------
Alex Pietrangelo 0 0 0 -2 0 1 2 1 0 0 0/0 21:18 0:00 0:00
Alex Tuch 0 0 0 -2 0 4 0 0 1 0 0/0 15:56 4:00 0:00
Brandon Hagel 1 0 1 1 0 2 6 0 0 0 1/1 18:03 4:26 0:00
Brayden Point 0 0 0 -1 0 0 1 0 0 1 0/0 13:48 0:00 0:00
Colton Parayko 0 0 0 -2 0 2 1 2 0 0 0/0 21:35 0:00 0:17
Dakota Joshua 0 0 0 0 0 0 2 0 3 0 0/0 7:19 0:00 0:00
Elias Lindholm 0 1 1 0 0 1 0 0 3 0 5/9 16:00 4:26 0:00
Elias Pettersson 0 0 0 1 0 1 4 0 2 0 1/1 24:16 7:54 0:00
Jaccob Slavin 0 0 0 0 2 0 1 2 1 0 0/0 15:49 0:00 0:00
Jack Eichel 0 1 1 1 0 2 1 0 1 1 11/21 24:10 7:54 0:00
Jake Guentzel 1 0 1 0 0 5 4 1 0 0 1/1 22:59 7:28 0:00
Jake Sanderson 0 0 0 -1 0 2 3 2 0 0 0/0 17:34 0:00 0:17
Lars Eller 0 0 0 0 0 1 1 1 0 0 3/4 14:10 7:28 0:17
Logan O'Connor 0 0 0 0 0 2 0 0 0 0 0/0 7:36 0:00 0:17
Mark Stone 0 1 1 0 0 5 1 0 1 1 0/0 16:00 4:26 0:00
Mikhail Sergachev 0 0 0 1 0 0 0 1 0 1 0/0 12:43 4:00 0:00
Nick Leddy 0 0 0 1 0 0 2 0 0 0 0/0 8:13 0:00 0:00
Robert Thomas 0 0 0 -2 0 5 2 2 2 1 13/23 22:13 7:28 0:00
Players Stats for Philadelphia Flyers
Player Name G A P +/- PIM S H SB GA TA FO MP PP MP PK MP
------------------------------------------------------------------------------------
Alex Swetlikoff 0 0 0 0 0 0 0 0 0 0 1/5 13:03 0:00 2:14
Brandon Duhaime 0 0 0 0 2 2 4 0 0 1 1/2 12:09 0:00 0:00
Brett Murray 0 1 1 1 0 3 0 0 0 0 0/0 11:33 0:00 0:00
Casey Cizikas 1 1 2 0 0 6 0 1 1 1 10/21 19:14 0:17 5:47
Cody Glass 0 0 0 0 0 2 2 0 1 0 0/0 11:15 0:00 0:00
Fredrik Olofsson 1 0 1 1 0 4 0 0 1 1 4/9 12:20 0:00 0:18
Jacob MacDonald 0 0 0 -1 0 2 1 1 0 1 0/0 16:08 0:00 1:32
Jeff Skinner 0 0 0 0 0 2 0 2 0 2 0/0 11:32 0:17 0:00
Joel Edmundson 0 2 2 1 2 0 0 2 0 2 0/0 21:14 0:00 5:09
Joshua Brown 0 0 0 -1 2 0 0 1 0 0 0/0 14:27 0:00 0:00
Luke Glendening 0 0 0 0 2 2 1 1 0 0 0/0 17:33 0:00 4:49
Marcel Marcel 0 0 0 1 0 0 1 0 1 0 0/0 11:33 0:00 0:00
Marcus Johansson 1 0 1 0 0 2 0 0 0 1 0/0 11:05 0:17 0:00
Radek Faksa 0 1 1 0 0 2 2 1 0 1 2/10 19:13 0:00 5:42
Sean Kuraly 0 0 0 0 2 2 4 0 0 0 7/13 17:19 0:00 4:58
Trevor van Riemsdyk 0 0 0 1 2 2 1 3 1 1 0/0 21:53 0:00 4:25
Vladislav Gavrikov 0 1 1 1 0 2 2 0 0 1 0/0 23:19 0:17 6:01
William Borgen 1 0 1 1 0 2 1 1 0 2 0/0 23:10 0:17 6:41
3 Stars
1 - Brandon Hagel (STL)
2 - Casey Cizikas (PHI)
3 - William Borgen (PHI)
Power Play
St.Louis Blues - 0 on 6 Attempt(s) - 0.00%
Philadelphia Flyers - 1 on 1 Attempt(s) - 100.00%
Penalty Kill
St.Louis Blues - 0 on 1 Attempt(s) - 0.00%
- Score 0 goal in Penalty Kill
Philadelphia Flyers - 6 on 6 Attempt(s) - 100.00%
- Score 0 goal in Penalty Kill
Team Stat
St.Louis Blues - Hits : 31 - Faceoff Wins : 35 - Blocked Shots : 12 - Penalty Minutes : 2
Philadelphia Flyers - Hits : 19 - Faceoff Wins : 25 - Blocked Shots : 13 - Penalty Minutes : 12
Official
Referees : Chris Rooney and Ghislain Hebert
Linesman : Andrew Smith and Ryan Galloway
Game Notes
Casey Cizikas has scored in a empty net!
Finance
Level 1 -- Attendance: 6000 (100.00%) -- Ticket Income $546,000
Level 2 -- Attendance: 5000 (100.00%) -- Ticket Income $260,000
Level 3 -- Attendance: 3000 (100.00%) -- Ticket Income $84,000
Level 4 -- Attendance: 4685 (93.70%) -- Ticket Income $84,330
Luxury Box -- Attendance: 886 (88.60%) -- Ticket Income $168,340
Game was played at the Wells Fargo Center.
Total Attendance: 19571 (97.86%)
Total Ticket Income: $1,142,670
Other Income: $399,934
Total Income: $1,542,604
St.Louis Blues
5 vs 5 Forward
Center Left Wing Right Wing Time % Phy DF OF
1 Jack Eichel Elias Pettersson Jake Guentzel 40 0 2 3
2 Robert Thomas Brandon Hagel Brayden Point 31 0 2 3
3 Elias Lindholm Alex Tuch Mark Stone 22 0 3 2
4 Lars Eller Dakota Joshua Logan O'Connor 7 1 2 2
5 vs 5 Defense
Defense Defense Time % Phy DF OF
1 Colton Parayko Alex Pietrangelo 45 1 2 2
2 Jake Sanderson Jaccob Slavin 35 1 2 2
3 Mikhail Sergachev Nick Leddy 20 1 2 2
4 Colton Parayko Alex Pietrangelo 0 1 2 2
PowerPlay Forward
Center Left Wing Right Wing Time % Phy DF OF
1 Robert Thomas Lars Eller Jake Guentzel 60 1 0 4
2 Elias Lindholm Brandon Hagel Mark Stone 40 1 0 4
PowerPlay Defense
Defense Defense Time % Phy DF OF
1 Jack Eichel Elias Pettersson 60 0 1 4
2 Alex Tuch Mikhail Sergachev 40 0 1 4
Penalty Kill 4 Players Forward
Center Wing Time % Phy DF OF
1 Lars Eller Logan O'Connor 50 1 4 0
2 Elias Lindholm Alex Tuch 50 1 4 0
Penalty Kill 4 Players Defense
Defense Defense Time % Phy DF OF
1 Jake Sanderson Colton Parayko 50 1 4 0
2 Jaccob Slavin Nick Leddy 50 1 4 0
Penalty Kill - 3 Players Forward
Forward Time % Phy DF OF
1 Elias Lindholm 50 0 5 0
2 Lars Eller 50 0 5 0
Penalty Kill - 3 Players Defense
Defense Defense Time % Phy DF OF
1 Jake Sanderson Colton Parayko 50 0 5 0
2 Nick Leddy Alex Pietrangelo 50 0 5 0
4 vs 4 Forward
Center Wing Time % Phy DF OF
1 Jack Eichel Jake Guentzel 50 0 2 3
2 Robert Thomas Elias Lindholm 50 0 2 3
4 vs 4 Defense
Defense Defense Time % Phy DF OF
1 Jake Sanderson Alex Pietrangelo 50 0 3 2
2 Colton Parayko Mikhail Sergachev 50 0 3 2
Last Minutes Offensive
Center Left Wing Right Wing Defense Defense
Robert Thomas Elias Pettersson Jake Guentzel Jake Sanderson Jack Eichel
Last Minutes Defensive
Center Left Wing Right Wing Defense Defense
Elias Lindholm Logan O'Connor Robert Thomas Jake Sanderson Colton Parayko
Goaltenders
Starting : Scott Wedgewood
Backup : Connor Hellebuyck
Extra Forwards
Normal : Brandon Hagel, Mark Stone, Alex Tuch - PP : Brandon Hagel, Dakota Joshua - PK : Robert Thomas
Extra Defensemen
Normal : Jake Sanderson, Mikhail Sergachev, Colton Parayko - PP : Mikhail Sergachev - PK : Jaccob Slavin, Nick Leddy
Penalty Shots
Elias Pettersson, Jack Eichel, Alex Tuch, Jake Guentzel, Robert Thomas
Scratches
Jack Roslovic (Healthy), Adam Pelech (Healthy)
Philadelphia Flyers
5 vs 5 Forward
Center Left Wing Right Wing Time % Phy DF OF
1 Casey Cizikas Jeff Skinner Cody Glass 25 0 1 4
2 Sean Kuraly Alex Swetlikoff Marcus Johansson 25 0 2 3
3 Radek Faksa Luke Glendening Brandon Duhaime 25 0 1 4
4 Fredrik Olofsson Brett Murray Marcel Marcel 25 0 2 3
5 vs 5 Defense
Defense Defense Time % Phy DF OF
1 Vladislav Gavrikov Trevor van Riemsdyk 35 0 2 3
2 William Borgen Joel Edmundson 35 0 2 3
3 Jacob MacDonald Joshua Brown 30 0 2 3
4 Vladislav Gavrikov Trevor van Riemsdyk 0 1 2 2
PowerPlay Forward
Center Left Wing Right Wing Time % Phy DF OF
1 Casey Cizikas Jeff Skinner Marcus Johansson 50 0 0 5
2 Sean Kuraly Radek Faksa Cody Glass 50 0 0 5
PowerPlay Defense
Defense Defense Time % Phy DF OF
1 William Borgen Vladislav Gavrikov 50 0 1 4
2 Trevor van Riemsdyk Joshua Brown 50 0 1 4
Penalty Kill 4 Players Forward
Center Wing Time % Phy DF OF
1 Casey Cizikas Radek Faksa 50 0 5 0
2 Sean Kuraly Luke Glendening 50 0 5 0
Penalty Kill 4 Players Defense
Defense Defense Time % Phy DF OF
1 Vladislav Gavrikov Trevor van Riemsdyk 50 0 5 0
2 William Borgen Joel Edmundson 50 0 5 0
Penalty Kill - 3 Players Forward
Forward Time % Phy DF OF
1 Casey Cizikas 50 0 5 0
2 Radek Faksa 50 0 5 0
Penalty Kill - 3 Players Defense
Defense Defense Time % Phy DF OF
1 Vladislav Gavrikov Trevor van Riemsdyk 50 0 5 0
2 William Borgen Joel Edmundson 50 0 5 0
4 vs 4 Forward
Center Wing Time % Phy DF OF
1 Jeff Skinner Casey Cizikas 50 0 1 4
2 Sean Kuraly Cody Glass 50 0 1 4
4 vs 4 Defense
Defense Defense Time % Phy DF OF
1 Vladislav Gavrikov Trevor van Riemsdyk 50 0 2 3
2 William Borgen Joel Edmundson 50 0 2 3
Last Minutes Offensive
Center Left Wing Right Wing Defense Defense
Casey Cizikas Jeff Skinner Sean Kuraly William Borgen Vladislav Gavrikov
Last Minutes Defensive
Center Left Wing Right Wing Defense Defense
Casey Cizikas Radek Faksa Sean Kuraly Vladislav Gavrikov Trevor van Riemsdyk
Goaltenders
Starting : Connor Ingram
Backup : Jake Allen
Extra Forwards
Normal : Alex Swetlikoff, Jeff Skinner, Cody Glass - PP : Alex Swetlikoff, Jeff Skinner - PK : Alex Swetlikoff
Extra Defensemen
Normal : Vladislav Gavrikov, William Borgen, Trevor van Riemsdyk - PP : Vladislav Gavrikov - PK : Vladislav Gavrikov, William Borgen
Penalty Shots
Casey Cizikas, Cody Glass, Jeff Skinner, Alex Swetlikoff, Sean Kuraly
Scratches
Albert Johansson (Healthy), Filip Cederqvist (Healthy), Matthew Seminoff (Healthy), Daniil Misyul (Healthy), Josh Lopina (Healthy)
% Time on Ice - St.Louis Blues
Lines # - Real PCT - Wanted PCT - Time Play
Normal Forward
1 - 31% - 40% - 14:17
2 - 29% - 31% - 13:42
3 - 24% - 22% - 11:17
4 - 16% - 7% - 7:19
Normal Defense
1 - 48% - 45% - 22:10
2 - 35% - 35% - 16:12
3 - 18% - 20% - 8:13
4 - 0% - 0% - 0:00
PP Forward
1 - 63% - 60% - 7:28
2 - 37% - 40% - 4:26
PP Defense
1 - 66% - 60% - 7:54
2 - 34% - 40% - 4:00
PK Forward
1 - 100% - 50% - 0:17
2 - 0% - 50% - 0:00
PK Defense
1 - 100% - 50% - 0:17
2 - 0% - 50% - 0:00
PK3 Forward
1 - 0% - 50%
2 - 0% - 50%
PK3 Defense
1 - 0% - 50%
2 - 0% - 50%
44 Forward
1 - 0% - 50%
2 - 0% - 50%
44 Defense
1 - 0% - 50%
2 - 0% - 50%
Last Minute Offensive - 1:14
Last Minute Defensive - 0:00
Total
Forward - 60:00
Defense - 60:00
|
% Time on Ice - Philadelphia Flyers
Lines # - Real PCT - Wanted PCT - Time Play
Normal Forward
1 - 25% - 25% - 11:29
2 - 25% - 25% - 11:29
3 - 26% - 25% - 12:04
4 - 25% - 25% - 11:33
Normal Defense
1 - 35% - 35% - 16:08
2 - 35% - 35% - 16:12
3 - 31% - 30% - 14:15
4 - 0% - 0% - 0:00
PP Forward
1 - 100% - 50% - 0:17
2 - 0% - 50% - 0:00
PP Defense
1 - 100% - 50% - 0:17
2 - 0% - 50% - 0:00
PK Forward
1 - 50% - 50% - 5:55
2 - 50% - 50% - 5:59
PK Defense
1 - 52% - 50% - 6:09
2 - 48% - 50% - 5:45
PK3 Forward
1 - 0% - 50%
2 - 0% - 50%
PK3 Defense
1 - 0% - 50%
2 - 0% - 50%
44 Forward
1 - 0% - 50%
2 - 0% - 50%
44 Defense
1 - 0% - 50%
2 - 0% - 50%
Last Minute Offensive - 0:00
Last Minute Defensive - 1:14
Total
Forward - 60:00
Defense - 60:00
|
Play-by-Play
1st period
0:01 of 1st period - Jack Eichel wins face-off versus Casey Cizikas in neutral zone.
0:26 of 1st period - Sean Kuraly is hit by Alex Pietrangelo and loses puck.
0:36 of 1st period - Minor Penalty to Jaccob Slavin for Hooking.
0:37 of 1st period - Lars Eller wins face-off versus Casey Cizikas in St.Louis Blues zone.
0:41 of 1st period - Snap shot by Marcus Johansson.
0:41 of 1st period - Shot Blocked by Jake Sanderson.
0:43 of 1st period - Snap shot by Casey Cizikas.
0:43 of 1st period - Stopped by Scott Wedgewood with a rebound.
0:45 of 1st period - Wrist shot by William Borgen.
0:45 of 1st period - Shot Blocked by Lars Eller.
0:47 of 1st period - Slapshot by William Borgen.
0:47 of 1st period - Shot Blocked by Colton Parayko.
0:49 of 1st period - Slapshot by Vladislav Gavrikov.
0:49 of 1st period - Stopped by Scott Wedgewood with a rebound.
0:51 of 1st period - Snap shot by Casey Cizikas.
0:51 of 1st period - Stopped by Scott Wedgewood with a rebound.
0:53 of 1st period - Slapshot by William Borgen.
0:53 of 1st period - Goal by William Borgen - St.Louis Blues : 0 - Philadelphia Flyers : 1.
0:54 of 1st period - Radek Faksa wins face-off versus Elias Lindholm in neutral zone.
2:27 of 1st period - Wrist shot by Alex Tuch.
2:27 of 1st period - Stopped by Connor Ingram with a rebound.
2:29 of 1st period - Snap shot by Alex Tuch.
2:29 of 1st period - Shot Misses the Net.
2:33 of 1st period - Snap shot by Mark Stone.
2:33 of 1st period - Stopped by Connor Ingram with a rebound.
2:35 of 1st period - Snap shot by Elias Lindholm.
2:35 of 1st period - Shot Misses the Net.
3:13 of 1st period - Snap shot by Fredrik Olofsson.
3:13 of 1st period - Stopped by Scott Wedgewood with a rebound.
3:27 of 1st period - Slapshot by Jacob MacDonald.
3:27 of 1st period - Deflect By Alex Pietrangelo.
3:27 of 1st period - Stopped by Scott Wedgewood without a rebound.
3:28 of 1st period - Jack Eichel wins face-off versus Sean Kuraly in St.Louis Blues zone.
3:54 of 1st period - Jaccob Slavin is hit by Cody Glass and loses puck.
4:53 of 1st period - Minor Penalty to Joel Edmundson for Interference.
4:54 of 1st period - Robert Thomas wins face-off versus Casey Cizikas in Philadelphia Flyers zone.
5:07 of 1st period - Slapshot by Elias Pettersson.
5:07 of 1st period - Shot Blocked by Luke Glendening.
5:09 of 1st period - Slapshot by Jack Eichel.
5:09 of 1st period - Stopped by Connor Ingram with a rebound.
5:11 of 1st period - Slapshot by Elias Pettersson.
5:11 of 1st period - Shot Misses the Net.
5:30 of 1st period - Wrist shot by Mark Stone.
5:30 of 1st period - Shot Misses the Net.
6:53 of 1st period - Penalty to Joel Edmundson is over, Joel Edmundson is back on ice.
7:04 of 1st period - Icing by Mikhail Sergachev.
7:05 of 1st period - Elias Pettersson wins face-off versus Fredrik Olofsson in St.Louis Blues zone.
7:31 of 1st period - Casey Cizikas is hit by Brandon Hagel and loses puck.
7:48 of 1st period - William Borgen is hit by Jake Sanderson and loses puck.
8:07 of 1st period - Joel Edmundson is hit by Alex Pietrangelo and loses puck.
8:32 of 1st period - Nick Leddy is hit by Marcel Marcel.
9:05 of 1st period - Casey Cizikas is hit by Jake Sanderson and loses puck.
9:20 of 1st period - Alex Pietrangelo is hit by Brandon Duhaime.
9:31 of 1st period - Off-side.
9:32 of 1st period - Sean Kuraly wins face-off versus Jack Eichel in neutral zone.
10:08 of 1st period - Wrist shot by Alex Tuch.
10:08 of 1st period - Shot Misses the Net.
10:22 of 1st period - Wrist shot by Logan O'Connor.
10:22 of 1st period - Stopped by Connor Ingram with a rebound.
10:24 of 1st period - Wrist shot by Dakota Joshua.
10:24 of 1st period - Shot Blocked by Jeff Skinner.
10:26 of 1st period - Slapshot by Lars Eller.
10:26 of 1st period - Deflect By Logan O'Connor.
10:26 of 1st period - Shot Misses the Net.
10:26 of 1st period - Puck is out of play.
10:27 of 1st period - Casey Cizikas wins face-off versus Lars Eller in Philadelphia Flyers zone.
10:40 of 1st period - Backhand shot by Jeff Skinner.
10:40 of 1st period - Stopped by Scott Wedgewood without a rebound.
10:41 of 1st period - Brandon Duhaime wins face-off versus Jack Eichel in St.Louis Blues zone.
10:42 of 1st period - Wrist shot by Radek Faksa.
10:42 of 1st period - Shot Misses the Net.
11:32 of 1st period - Wrist shot by Elias Lindholm.
11:32 of 1st period - Stopped by Connor Ingram with a rebound.
11:38 of 1st period - Alex Tuch is hit by Sean Kuraly.
11:45 of 1st period - Icing by Alex Swetlikoff.
11:46 of 1st period - Jack Eichel wins face-off versus Sean Kuraly in Philadelphia Flyers zone.
11:49 of 1st period - Snap shot by Jake Guentzel.
11:49 of 1st period - Goal by Jake Guentzel - St.Louis Blues : 1 - Philadelphia Flyers : 1.
11:50 of 1st period - Jack Eichel wins face-off versus Fredrik Olofsson in neutral zone.
11:55 of 1st period - Slapshot by Jack Eichel.
11:55 of 1st period - Stopped by Connor Ingram without a rebound.
11:56 of 1st period - Fredrik Olofsson wins face-off versus Jack Eichel in Philadelphia Flyers zone.
12:19 of 1st period - Minor Penalty to Trevor van Riemsdyk for Delaying the game.
12:20 of 1st period - Robert Thomas wins face-off versus Sean Kuraly in Philadelphia Flyers zone.
14:19 of 1st period - Penalty to Trevor van Riemsdyk is over, Trevor van Riemsdyk is back on ice.
14:29 of 1st period - Fredrik Olofsson is hit by Dakota Joshua and loses puck.
14:34 of 1st period - Snap shot by Brayden Point.
14:34 of 1st period - Shot Blocked by Jacob MacDonald.
15:10 of 1st period - Elias Lindholm is hit by Radek Faksa and loses puck.
15:23 of 1st period - Trevor van Riemsdyk is hit by Brandon Hagel and loses puck.
15:43 of 1st period - Icing by Logan O'Connor.
15:44 of 1st period - Lars Eller wins face-off versus Radek Faksa in St.Louis Blues zone.
15:57 of 1st period - Elias Pettersson is hit by Jacob MacDonald and loses puck.
16:04 of 1st period - Snap shot by Jake Guentzel.
16:04 of 1st period - Shot Misses the Net.
16:21 of 1st period - Alex Tuch is hit by Brandon Duhaime and loses puck.
17:22 of 1st period - Snap shot by Jeff Skinner.
17:22 of 1st period - Shot Misses the Net.
17:59 of 1st period - William Borgen is hit by Brandon Hagel and loses puck.
18:35 of 1st period - Brett Murray is hit by Elias Pettersson and loses puck.
18:48 of 1st period - Slapshot by Alex Tuch.
18:48 of 1st period - Stopped by Connor Ingram without a rebound.
18:49 of 1st period - Elias Lindholm wins face-off versus Casey Cizikas in Philadelphia Flyers zone.
18:50 of 1st period - Snap shot by Alex Tuch.
18:50 of 1st period - Shot Blocked by Jeff Skinner.
18:52 of 1st period - Wrist shot by Alex Tuch.
18:52 of 1st period - Stopped by Connor Ingram with a rebound.
18:54 of 1st period - Slapshot by Jake Sanderson.
18:54 of 1st period - Shot Blocked by Casey Cizikas.
19:10 of 1st period - Snap shot by Mark Stone.
19:10 of 1st period - Stopped by Connor Ingram without a rebound.
19:11 of 1st period - Jack Eichel wins face-off versus Brandon Duhaime in Philadelphia Flyers zone.
Goals for this period are 1 for St.Louis Blues vs 1 for Philadelphia Flyers.
Shots for this period are 10 for St.Louis Blues vs 7 for Philadelphia Flyers.
2nd period
0:01 of 2nd period - Jack Eichel wins face-off versus Radek Faksa in neutral zone.
0:27 of 2nd period - Robert Thomas is hit by William Borgen and loses puck.
0:34 of 2nd period - Wrist shot by Jeff Skinner.
0:34 of 2nd period - Shot Blocked by Robert Thomas.
0:36 of 2nd period - Snap shot by Joel Edmundson.
0:36 of 2nd period - Shot Misses the Net.
0:38 of 2nd period - Snap shot by Cody Glass.
0:38 of 2nd period - Deflect By Casey Cizikas.
0:38 of 2nd period - Shot Blocked by Colton Parayko.
0:38 of 2nd period - Puck is out of play.
0:39 of 2nd period - Jack Eichel wins face-off versus Radek Faksa in St.Louis Blues zone.
0:52 of 2nd period - Snap shot by Jake Guentzel.
0:52 of 2nd period - Shot Misses the Net.
1:06 of 2nd period - Fredrik Olofsson is hit by Brandon Hagel and loses puck.
1:23 of 2nd period - Snap shot by Jeff Skinner.
1:23 of 2nd period - Shot Misses the Net.
1:25 of 2nd period - Wrist shot by Cody Glass.
1:25 of 2nd period - Stopped by Scott Wedgewood with a rebound.
1:27 of 2nd period - Wrist shot by Jeff Skinner.
1:27 of 2nd period - Shot Misses the Net.
1:29 of 2nd period - Slapshot by Jeff Skinner.
1:29 of 2nd period - Shot Misses the Net.
1:31 of 2nd period - Snap shot by Casey Cizikas.
1:31 of 2nd period - Shot Misses the Net.
1:35 of 2nd period - Wrist shot by Casey Cizikas.
1:35 of 2nd period - Stopped by Scott Wedgewood with a rebound.
2:07 of 2nd period - Jaccob Slavin is hit by Sean Kuraly and loses puck.
2:16 of 2nd period - Wrist shot by Jake Sanderson.
2:16 of 2nd period - Stopped by Connor Ingram with a rebound.
3:21 of 2nd period - Wrist shot by Alex Tuch.
3:21 of 2nd period - Stopped by Connor Ingram with a rebound.
3:55 of 2nd period - Brandon Hagel is hit by Sean Kuraly and loses puck.
4:37 of 2nd period - Luke Glendening is hit by Jaccob Slavin and loses puck.
4:50 of 2nd period - Joshua Brown is hit by Jake Guentzel and loses puck.
4:59 of 2nd period - Snap shot by Jake Guentzel.
4:59 of 2nd period - Shot Blocked by Joshua Brown.
5:01 of 2nd period - Slapshot by Colton Parayko.
5:01 of 2nd period - Stopped by Connor Ingram without a rebound.
5:02 of 2nd period - Sean Kuraly wins face-off versus Robert Thomas in Philadelphia Flyers zone.
5:19 of 2nd period - Alex Swetlikoff is hit by Robert Thomas and loses puck.
5:50 of 2nd period - Wrist shot by Marcus Johansson.
5:50 of 2nd period - Goal by Marcus Johansson - St.Louis Blues : 1 - Philadelphia Flyers : 2.
5:51 of 2nd period - Jack Eichel wins face-off versus Fredrik Olofsson in neutral zone.
6:03 of 2nd period - Wrist shot by Fredrik Olofsson.
6:03 of 2nd period - Stopped by Scott Wedgewood with a rebound.
6:05 of 2nd period - Slapshot by Vladislav Gavrikov.
6:05 of 2nd period - Shot Misses the Net.
6:07 of 2nd period - Slapshot by Trevor van Riemsdyk.
6:07 of 2nd period - Stopped by Scott Wedgewood without a rebound.
6:08 of 2nd period - Robert Thomas wins face-off versus Casey Cizikas in St.Louis Blues zone.
6:08 of 2nd period - Robert Thomas is hit by Vladislav Gavrikov.
7:56 of 2nd period - Marcel Marcel is hit by Jake Sanderson and loses puck.
8:15 of 2nd period - William Borgen is hit by Mark Stone and loses puck.
8:22 of 2nd period - Wrist shot by Alex Tuch.
8:22 of 2nd period - Shot Misses the Net.
9:42 of 2nd period - Jacob MacDonald is hit by Brayden Point and loses puck.
10:08 of 2nd period - Off-side.
10:09 of 2nd period - Fredrik Olofsson wins face-off versus Jack Eichel in neutral zone.
10:24 of 2nd period - Vladislav Gavrikov is hit by Elias Pettersson and loses puck.
10:47 of 2nd period - Brayden Point is hit by Vladislav Gavrikov and loses puck.
10:57 of 2nd period - Jacob MacDonald is hit by Nick Leddy and loses puck.
11:09 of 2nd period - Marcus Johansson is hit by Nick Leddy and loses puck.
11:50 of 2nd period - Fredrik Olofsson is hit by Dakota Joshua and loses puck.
13:00 of 2nd period - Colton Parayko is hit by Brandon Duhaime and loses puck.
13:21 of 2nd period - Slapshot by Luke Glendening.
13:21 of 2nd period - Stopped by Scott Wedgewood without a rebound.
13:22 of 2nd period - Robert Thomas wins face-off versus Casey Cizikas in St.Louis Blues zone.
13:59 of 2nd period - Wrist shot by Brett Murray.
13:59 of 2nd period - Shot Blocked by Jake Guentzel.
14:01 of 2nd period - Wrist shot by Fredrik Olofsson.
14:01 of 2nd period - Shot Misses the Net.
14:14 of 2nd period - Minor Penalty to Joshua Brown for Tripping.
14:15 of 2nd period - Sean Kuraly wins face-off versus Robert Thomas in Philadelphia Flyers zone.
14:15 of 2nd period - Sean Kuraly is hit by Lars Eller.
14:23 of 2nd period - Slapshot by Elias Pettersson.
14:23 of 2nd period - Shot Misses the Net.
14:27 of 2nd period - Snap shot by Jake Guentzel.
14:27 of 2nd period - Stopped by Connor Ingram without a rebound.
14:28 of 2nd period - Casey Cizikas wins face-off versus Robert Thomas in Philadelphia Flyers zone.
16:14 of 2nd period - Penalty to Joshua Brown is over, Joshua Brown is back on ice.
16:24 of 2nd period - Wrist shot by Joshua Brown.
16:24 of 2nd period - Shot Misses the Net.
16:26 of 2nd period - Snap shot by Sean Kuraly.
16:26 of 2nd period - Stopped by Scott Wedgewood without a rebound.
16:27 of 2nd period - Robert Thomas wins face-off versus Fredrik Olofsson in St.Louis Blues zone.
17:12 of 2nd period - Wrist shot by Robert Thomas.
17:12 of 2nd period - Stopped by Connor Ingram without a rebound.
17:13 of 2nd period - Sean Kuraly wins face-off versus Robert Thomas in Philadelphia Flyers zone.
17:22 of 2nd period - Slapshot by Alex Swetlikoff.
17:22 of 2nd period - Shot Blocked by Robert Thomas.
17:24 of 2nd period - Slapshot by Sean Kuraly.
17:24 of 2nd period - Shot Misses the Net.
17:26 of 2nd period - Snap shot by Sean Kuraly.
17:26 of 2nd period - Shot Misses the Net.
17:28 of 2nd period - Wrist shot by Sean Kuraly.
17:28 of 2nd period - Stopped by Scott Wedgewood without a rebound.
17:29 of 2nd period - Casey Cizikas wins face-off versus Jack Eichel in St.Louis Blues zone.
17:32 of 2nd period - Snap shot by Jeff Skinner.
17:32 of 2nd period - Stopped by Scott Wedgewood with a rebound.
18:31 of 2nd period - Minor Penalty to Sean Kuraly for Hooking.
18:32 of 2nd period - Robert Thomas wins face-off versus Alex Swetlikoff in Philadelphia Flyers zone.
18:43 of 2nd period - Snap shot by Robert Thomas.
18:43 of 2nd period - Stopped by Connor Ingram without a rebound.
18:44 of 2nd period - Casey Cizikas wins face-off versus Robert Thomas in Philadelphia Flyers zone.
18:49 of 2nd period - Snap shot by Casey Cizikas.
18:49 of 2nd period - Stopped by Scott Wedgewood with a rebound.
19:15 of 2nd period - Wrist shot by Mark Stone.
19:15 of 2nd period - Stopped by Connor Ingram without a rebound.
19:16 of 2nd period - Elias Lindholm wins face-off versus Alex Swetlikoff in Philadelphia Flyers zone.
19:25 of 2nd period - Vladislav Gavrikov is hit by Brandon Hagel and loses puck.
19:50 of 2nd period - Slapshot by Mikhail Sergachev.
19:50 of 2nd period - Deflect By Mark Stone.
19:50 of 2nd period - Stopped by Connor Ingram without a rebound.
19:51 of 2nd period - Alex Swetlikoff wins face-off versus Robert Thomas in Philadelphia Flyers zone.
19:51 of 2nd period - Alex Swetlikoff is hit by Elias Pettersson.
Goals for this period are 0 for St.Louis Blues vs 1 for Philadelphia Flyers.
Shots for this period are 8 for St.Louis Blues vs 10 for Philadelphia Flyers.
3rd period
0:01 of 3rd period - Jake Guentzel wins face-off versus Casey Cizikas in neutral zone.
0:04 of 3rd period - William Borgen is hit by Elias Pettersson and loses puck.
0:31 of 3rd period - Penalty to Sean Kuraly is over, Sean Kuraly is back on ice.
0:33 of 3rd period - Wrist shot by Mark Stone.
0:33 of 3rd period - Stopped by Connor Ingram with a rebound.
0:35 of 3rd period - Snap shot by Mark Stone.
0:35 of 3rd period - Shot Blocked by William Borgen.
0:37 of 3rd period - Snap shot by Brandon Hagel.
0:37 of 3rd period - Goal by Brandon Hagel - St.Louis Blues : 2 - Philadelphia Flyers : 2.
0:38 of 3rd period - Sean Kuraly wins face-off versus Jack Eichel in neutral zone.
0:53 of 3rd period - Marcus Johansson is hit by Jake Guentzel and loses puck.
1:36 of 3rd period - Slapshot by Fredrik Olofsson.
1:36 of 3rd period - Stopped by Scott Wedgewood without a rebound.
1:37 of 3rd period - Casey Cizikas wins face-off versus Jack Eichel in St.Louis Blues zone.
1:42 of 3rd period - Slapshot by Cody Glass.
1:42 of 3rd period - Shot Misses the Net.
1:44 of 3rd period - Snap shot by Cody Glass.
1:44 of 3rd period - Stopped by Scott Wedgewood with a rebound.
1:46 of 3rd period - Snap shot by Cody Glass.
1:46 of 3rd period - Shot Misses the Net.
1:48 of 3rd period - Slapshot by Cody Glass.
1:48 of 3rd period - Shot Misses the Net.
1:50 of 3rd period - Wrist shot by Jeff Skinner.
1:50 of 3rd period - Shot Misses the Net.
1:52 of 3rd period - Snap shot by Joel Edmundson.
1:52 of 3rd period - Shot Blocked by Alex Pietrangelo.
2:01 of 3rd period - Icing by Alex Pietrangelo.
2:02 of 3rd period - Robert Thomas wins face-off versus Radek Faksa in St.Louis Blues zone.
2:02 of 3rd period - Robert Thomas is hit by Brandon Duhaime.
2:50 of 3rd period - Slapshot by Jacob MacDonald.
2:50 of 3rd period - Shot Blocked by Jake Sanderson.
2:52 of 3rd period - Slapshot by Jacob MacDonald.
2:52 of 3rd period - Deflect By Mark Stone.
2:52 of 3rd period - Stopped by Scott Wedgewood without a rebound.
2:53 of 3rd period - Casey Cizikas wins face-off versus Robert Thomas in St.Louis Blues zone.
3:18 of 3rd period - Trevor van Riemsdyk is hit by Jake Guentzel and loses puck.
3:27 of 3rd period - Wrist shot by Vladislav Gavrikov.
3:27 of 3rd period - Shot Hit the Post.
3:39 of 3rd period - Wrist shot by Marcus Johansson.
3:39 of 3rd period - Stopped by Scott Wedgewood without a rebound.
3:40 of 3rd period - Elias Lindholm wins face-off versus Sean Kuraly in St.Louis Blues zone.
4:29 of 3rd period - Wrist shot by Alex Tuch.
4:29 of 3rd period - Shot Misses the Net.
4:33 of 3rd period - Slapshot by Alex Tuch.
4:33 of 3rd period - Shot Misses the Net.
4:35 of 3rd period - Slapshot by Jake Sanderson.
4:35 of 3rd period - Stopped by Connor Ingram without a rebound.
4:36 of 3rd period - Jack Eichel wins face-off versus Radek Faksa in Philadelphia Flyers zone.
4:59 of 3rd period - Minor Penalty to Luke Glendening for Delaying the game.
5:00 of 3rd period - Robert Thomas wins face-off versus Sean Kuraly in Philadelphia Flyers zone.
5:01 of 3rd period - Wrist shot by Jake Guentzel.
5:01 of 3rd period - Shot Misses the Net.
5:03 of 3rd period - Snap shot by Robert Thomas.
5:03 of 3rd period - Shot Blocked by Trevor van Riemsdyk.
5:05 of 3rd period - Slapshot by Elias Pettersson.
5:05 of 3rd period - Shot Blocked by Trevor van Riemsdyk.
5:07 of 3rd period - Wrist shot by Robert Thomas.
5:07 of 3rd period - Stopped by Connor Ingram without a rebound.
5:08 of 3rd period - Sean Kuraly wins face-off versus Robert Thomas in Philadelphia Flyers zone.
6:17 of 3rd period - Snap shot by Jake Guentzel.
6:17 of 3rd period - Stopped by Connor Ingram with a rebound.
6:59 of 3rd period - Penalty to Luke Glendening is over, Luke Glendening is back on ice.
7:16 of 3rd period - Snap shot by Jake Guentzel.
7:16 of 3rd period - Shot Misses the Net.
7:18 of 3rd period - Slapshot by Jake Guentzel.
7:18 of 3rd period - Shot Blocked by Trevor van Riemsdyk.
7:26 of 3rd period - Wrist shot by Robert Thomas.
7:26 of 3rd period - Stopped by Connor Ingram without a rebound.
7:27 of 3rd period - Elias Lindholm wins face-off versus Radek Faksa in Philadelphia Flyers zone.
7:42 of 3rd period - Wrist shot by Alex Tuch.
7:42 of 3rd period - Deflect By Elias Lindholm.
7:42 of 3rd period - Shot Misses the Net.
7:42 of 3rd period - Puck is out of play.
7:43 of 3rd period - Fredrik Olofsson wins face-off versus Elias Lindholm in Philadelphia Flyers zone.
7:50 of 3rd period - Snap shot by Alex Pietrangelo.
7:50 of 3rd period - Deflect By Fredrik Olofsson.
7:50 of 3rd period - Stopped by Connor Ingram with a rebound.
8:18 of 3rd period - Joshua Brown is hit by Colton Parayko and loses puck.
8:43 of 3rd period - Icing by Luke Glendening.
8:44 of 3rd period - Radek Faksa wins face-off versus Elias Lindholm in Philadelphia Flyers zone.
8:50 of 3rd period - Off-side.
8:51 of 3rd period - Casey Cizikas wins face-off versus Jack Eichel in neutral zone.
9:35 of 3rd period - Off-side.
9:36 of 3rd period - Brandon Hagel wins face-off versus Alex Swetlikoff in neutral zone.
9:41 of 3rd period - Snap shot by Logan O'Connor.
9:41 of 3rd period - Stopped by Connor Ingram without a rebound.
9:42 of 3rd period - Casey Cizikas wins face-off versus Jack Eichel in Philadelphia Flyers zone.
9:46 of 3rd period - Off-side.
9:47 of 3rd period - Jack Eichel wins face-off versus Casey Cizikas in neutral zone.
9:52 of 3rd period - Snap shot by Elias Pettersson.
9:52 of 3rd period - Shot Misses the Net.
10:19 of 3rd period - Snap shot by Brandon Duhaime.
10:19 of 3rd period - Stopped by Scott Wedgewood without a rebound.
10:20 of 3rd period - Robert Thomas wins face-off versus Radek Faksa in St.Louis Blues zone.
10:20 of 3rd period - Robert Thomas is hit by Luke Glendening.
10:27 of 3rd period - Jake Sanderson is hit by Radek Faksa and loses puck.
10:48 of 3rd period - Wrist shot by Brandon Duhaime.
10:48 of 3rd period - Stopped by Scott Wedgewood with a rebound.
10:50 of 3rd period - Slapshot by Radek Faksa.
10:50 of 3rd period - Stopped by Scott Wedgewood with a rebound.
10:52 of 3rd period - Snap shot by Jacob MacDonald.
10:52 of 3rd period - Shot Hit the Post.
11:00 of 3rd period - Wrist shot by Luke Glendening.
11:00 of 3rd period - Stopped by Scott Wedgewood with a rebound.
11:02 of 3rd period - Wrist shot by Brandon Duhaime.
11:02 of 3rd period - Shot Blocked by Jaccob Slavin.
11:04 of 3rd period - Wrist shot by Radek Faksa.
11:04 of 3rd period - Shot Misses the Net.
11:10 of 3rd period - Joel Edmundson is hit by Brandon Hagel and loses puck.
11:17 of 3rd period - Snap shot by Robert Thomas.
11:17 of 3rd period - Shot Blocked by Joel Edmundson.
11:19 of 3rd period - Wrist shot by Robert Thomas.
11:19 of 3rd period - Shot Misses the Net.
11:31 of 3rd period - Snap shot by Robert Thomas.
11:31 of 3rd period - Shot Misses the Net.
11:33 of 3rd period - Snap shot by Brandon Hagel.
11:33 of 3rd period - Stopped by Connor Ingram without a rebound.
11:34 of 3rd period - Jack Eichel wins face-off versus Alex Swetlikoff in Philadelphia Flyers zone.
11:39 of 3rd period - Slapshot by Jack Eichel.
11:39 of 3rd period - Deflect By Elias Pettersson.
11:39 of 3rd period - Shot Misses the Net.
11:39 of 3rd period - Puck is out of play.
11:40 of 3rd period - Sean Kuraly wins face-off versus Jack Eichel in Philadelphia Flyers zone.
12:07 of 3rd period - Snap shot by Dakota Joshua.
12:07 of 3rd period - Shot Misses the Net.
12:09 of 3rd period - Snap shot by Colton Parayko.
12:09 of 3rd period - Stopped by Connor Ingram with a rebound.
12:11 of 3rd period - Snap shot by Lars Eller.
12:11 of 3rd period - Stopped by Connor Ingram without a rebound.
12:12 of 3rd period - Lars Eller wins face-off versus Fredrik Olofsson in Philadelphia Flyers zone.
12:21 of 3rd period - Snap shot by Brett Murray.
12:21 of 3rd period - Shot Blocked by Mikhail Sergachev.
12:39 of 3rd period - William Borgen is hit by Jake Guentzel and loses puck.
12:48 of 3rd period - Wrist shot by Jake Guentzel.
12:48 of 3rd period - Stopped by Connor Ingram with a rebound.
12:50 of 3rd period - Wrist shot by Colton Parayko.
12:50 of 3rd period - Shot Blocked by Joel Edmundson.
13:04 of 3rd period - Off-side.
13:05 of 3rd period - Fredrik Olofsson wins face-off versus Elias Lindholm in neutral zone.
13:08 of 3rd period - Alex Tuch is hit by Trevor van Riemsdyk and loses puck.
13:13 of 3rd period - Wrist shot by Fredrik Olofsson.
13:13 of 3rd period - Shot Misses the Net.
13:17 of 3rd period - Slapshot by Brett Murray.
13:17 of 3rd period - Shot Blocked by Jaccob Slavin.
13:19 of 3rd period - Slapshot by Vladislav Gavrikov.
13:19 of 3rd period - Stopped by Scott Wedgewood with a rebound.
13:21 of 3rd period - Slapshot by Trevor van Riemsdyk.
13:21 of 3rd period - Deflect By Mark Stone.
13:21 of 3rd period - Stopped by Scott Wedgewood with a rebound.
13:31 of 3rd period - Vladislav Gavrikov is hit by Jack Eichel and loses puck.
14:24 of 3rd period - Brandon Hagel is hit by Cody Glass and loses puck.
15:21 of 3rd period - Snap shot by Luke Glendening.
15:21 of 3rd period - Shot Misses the Net.
15:23 of 3rd period - Snap shot by Radek Faksa.
15:23 of 3rd period - Shot Misses the Net.
15:25 of 3rd period - Backhand shot by Radek Faksa.
15:25 of 3rd period - Shot Misses the Net.
16:16 of 3rd period - Snap shot by Brayden Point.
16:16 of 3rd period - Shot Misses the Net.
16:18 of 3rd period - Snap shot by Robert Thomas.
16:18 of 3rd period - Stopped by Connor Ingram without a rebound.
16:19 of 3rd period - Elias Lindholm wins face-off versus Radek Faksa in Philadelphia Flyers zone.
16:22 of 3rd period - Slapshot by Alex Tuch.
16:22 of 3rd period - Shot Blocked by Radek Faksa.
16:24 of 3rd period - Minor Penalty to Brandon Duhaime for Cross-checking.
16:25 of 3rd period - Robert Thomas wins face-off versus Casey Cizikas in Philadelphia Flyers zone.
16:26 of 3rd period - Wrist shot by Jake Guentzel.
16:26 of 3rd period - Stopped by Connor Ingram without a rebound.
16:27 of 3rd period - Casey Cizikas wins face-off versus Robert Thomas in Philadelphia Flyers zone.
16:59 of 3rd period - Off-side.
17:00 of 3rd period - Robert Thomas wins face-off versus Sean Kuraly in neutral zone.
18:24 of 3rd period - Penalty to Brandon Duhaime is over, Brandon Duhaime is back on ice.
18:37 of 3rd period - Slapshot by William Borgen.
18:37 of 3rd period - Stopped by Scott Wedgewood with a rebound.
18:39 of 3rd period - Slapshot by Brett Murray.
18:39 of 3rd period - Stopped by Scott Wedgewood with a rebound.
18:41 of 3rd period - Snap shot by Brett Murray.
18:41 of 3rd period - Stopped by Scott Wedgewood with a rebound.
18:43 of 3rd period - Slapshot by Joel Edmundson.
18:43 of 3rd period - Deflect By Brett Murray.
18:43 of 3rd period - Stopped by Scott Wedgewood with a rebound.
18:45 of 3rd period - Slapshot by Fredrik Olofsson.
18:45 of 3rd period - Goal by Fredrik Olofsson - St.Louis Blues : 2 - Philadelphia Flyers : 3.
18:46 of 3rd period - Robert Thomas wins face-off versus Casey Cizikas in neutral zone.
19:04 of 3rd period - Jake Sanderson is hit by Sean Kuraly and loses puck.
19:11 of 3rd period - Snap shot by Sean Kuraly.
19:11 of 3rd period - Shot Misses the Net.
19:13 of 3rd period - Slapshot by Radek Faksa.
19:13 of 3rd period - Stopped by Scott Wedgewood with a rebound.
19:15 of 3rd period - Snap shot by Casey Cizikas.
19:15 of 3rd period - Stopped by Scott Wedgewood without a rebound.
19:16 of 3rd period - Mike Sullivan call a timeout for St.Louis Blues.
19:16 of 3rd period - Robert Thomas wins face-off versus Casey Cizikas in St.Louis Blues zone.
19:34 of 3rd period - St.Louis Blues, Scott Wedgewood is pulled from the net.
19:42 of 3rd period - Wrist shot by Robert Thomas.
19:42 of 3rd period - Deflect By Elias Pettersson.
19:42 of 3rd period - Stopped by Connor Ingram without a rebound.
19:43 of 3rd period - Casey Cizikas wins face-off versus Robert Thomas in Philadelphia Flyers zone.
19:43 of 3rd period - Casey Cizikas is hit by Robert Thomas.
19:59 of 3rd period - Wrist shot by Casey Cizikas.
19:59 of 3rd period - Goal by Casey Cizikas - St.Louis Blues : 2 - Philadelphia Flyers : 4.
19:59 of 3rd period - Scott Wedgewood from St.Louis Blues was sent back in the game.
Goals for this period are 1 for St.Louis Blues vs 2 for Philadelphia Flyers.
Shots for this period are 15 for St.Louis Blues vs 18 for Philadelphia Flyers.
Back to the Top